 Dungeon Crawl Stone Soup version 0.20-a0-9-g62d82d9 (webtiles) character file.

4173 tsouns the Carver (level 10, 0/71 HPs)
             Began as a Halfling Monk on Nov 1, 2016.
             Was an Initiate of Gozag.
             Killed from afar by Erica (33 damage)
             ... with a bolt of poison
             ... on level 8 of the Dungeon.
             The game lasted 00:41:27 (9389 turns).

tsouns the Carver (Halfling Monk)                   Turns: 9389, Time: 00:41:28

Health: 0/71       AC: 21    Str: 15    XL:     10   Next: 53%
Magic:  11/11      EV:  9    Int:  8    God:    Gozag
Gold:   710        SH:  0    Dex: 18    Spells: 0 memorised, 9 levels left

rFire  . . .     SeeInvis +     G - +2 long sword (holy)
rCold  . . .     Gourm    .     i - +0 plate armour
rNeg   . . .     Faith    .     (shield restricted)
rPois  .         Spirit   .     N - +0 helmet
rElec  .         Reflect  .     v - +1 cloak
rCorr  .         Harm     +     y - +0 pair of gloves (curse)
MR     +....                    (no boots)
Stlth  ..........               f - amulet of Utyoj {Harm *Drain +Blink SInv}
                                F - +5 ring of protection
                                l - ring of protection from magic

@: lethally poisoned (0 -> -23)
A: mutation resistance 1
a: Potion Petition, Call Merchant, Bribe Branch, Renounce Religion, Evoke Blink


You were on level 8 of the Dungeon.
You worshipped Gozag.
Gozag was pleased with you.
You were not hungry.

You visited 1 branch of the dungeon, and saw 8 of its levels.
You also visited: Bailey.

You collected 710 gold pieces.

Inventory:

Hand Weapons
 a - a +2 falchion
 A - a +0 short sword of flaming
 G - a +2 long sword of holy wrath (weapon)
 K - the +7 hand crossbow of Departure {penet, rElec Dex+4}
   (You found it in a bailey)

   Ammo fired by it will pass through the targets it hits, potentially hitting
   all targets in its path until it reaches maximum range.
   It affects your dexterity (+4).
   It insulates you from electricity.
Missiles
 d - 136 stones
 h - 47 tomahawks of returning
 n - 56 poisoned needles
 B - 6 tomahawks (quivered)
Armour
 b - a +1 robe
 i - a +0 plate armour (worn)
 t - a +0 scale mail
 v - a +1 cloak (worn)
 y - a cursed +0 pair of gloves (worn)
 N - a +0 helmet (worn)
Jewellery
 f - the amulet of Utyoj (around neck) {Harm *Drain +Blink SInv}
   (You found it in a bailey)

   [amulet of harm]

   It increases damage dealt and taken.
   It lets you see invisible.
   It lets you blink.
   It causes draining when unequipped.
 l - a ring of protection from magic (left hand)
 C - an uncursed amulet of rage
 F - a +5 ring of protection (right hand)
 O - an uncursed ring of resist corrosion
Wands
 e - a wand of iceblast (0/15)
 I - a wand of lightning (2/15)
 M - a wand of iceblast (0/15)
Scrolls
 r - 5 scrolls of remove curse
 s - 7 scrolls of blinking
 w - 4 scrolls of teleportation
 z - a scroll of recharging
 E - a scroll of fear
 H - a scroll of fog
 J - a scroll of enchant armour
Potions
 g - a potion of degeneration
 j - 2 potions of haste
 k - a potion of mutation {unknown}
 m - a potion of brilliance {unknown}
 o - a potion of cure mutation {unknown}
 p - 2 potions of curing {unknown}
 q - 2 potions of beneficial mutation {unknown}
 u - 2 potions of cancellation
 L - 2 potions of ambrosia {unknown}
Comestibles
 c - 5 bread rations
 x - a meat ration
 D - 30 fruits


   Skills:
 + Level 7.6 Fighting
 + Level 10.2 Long Blades
 - Level 3.3 Throwing
 + Level 3.8 Armour
 - Level 5.8 Dodging
 - Level 3.8 Stealth
 + Level 1.4 Evocations


You had 9 spell levels left.
You didn't know any spells.

Dungeon Overview and Level Annotations

Branches:
Dungeon (8/15)             Temple (0/1) D:6            Lair (0/6) D:8

Altars:
Gozag
Uskayaw
Xom
The Shining One

Annotations:
D:8 Erica


Innate Abilities, Weirdness & Mutations

You are small and have problems with some larger weapons.
You are somewhat resistant to further mutation.


Message History

Erica hits you but does no damage.
You barely miss Erica.
Erica is severely wounded.
Erica gestures at you while chanting. The bolt of poison hits you!
You are poisoned.
Ouch! That really hurt!
You closely miss Erica.
Erica is severely wounded.
You feel sick. Erica gestures at you while chanting.
You resist with almost no effort.
You hit Erica.
Erica is almost dead.
You feel sick.
Erica points at you and mumbles some strange words.
The bolt of poison hits you!
You are more poisoned.
You die...
Your body crumbles into a pile of gold.

########################
................@@.((.((
################........
#.####### #.# # #.# #
#.# ## #.# .# #.# .##


You could see Erica.

Vanquished Creatures
  An orc warlord (Bailey)
  The ghost of namnharef the Cleaver, a novice HOFi of Xom (Bailey)
  A yak (D:6)
  Menkaure (D:4)
  Edmund (D:6)
  4 orc warriors
  2 black bears
  A centaur (D:7)
  2 ogres
  A bullfrog (D:3)
  2 scorpions (D:6)
  A killer bee (D:6)
  3 howler monkeys
  2 crimson imps (D:5)
  A jelly (D:7)
  A bullfrog zombie (D:6)
  3 orc priests
  A hound (D:7)
  2 orc wizards
  2 bullfrog skeletons
  3 iguanas
  5 worker ants
  A hound skeleton (D:3)
  8 gnolls
  9 adders
  A shadow imp (D:6)
  An ooze (D:2)
  4 adder zombies
  2 adder skeletons
  5 worms
  4 dart slugs
  2 leopard geckos
  19 orcs
  4 bats
  2 giant cockroaches
  9 goblins
  15 hobgoblins
  3 jackals
  5 quokkas
  2 ball pythons
  A ball python skeleton (D:3)
  6 frilled lizards
  A giant cockroach zombie (D:6)
  2 jackal skeletons
  21 kobolds
  2 leopard gecko skeletons
  2 rats
172 creatures vanquished.

Notes
Turn   | Place    | Note
-------+----------+-------------------------------------------
     0 | D:1      | tsouns the Halfling Monk began the quest for the Orb.
     0 | D:1      | Reached XP level 1. HP: 15/15 MP: 1/1
    91 | D:1      | Reached XP level 2. HP: 19/20 MP: 2/2
   683 | D:1      | Reached XP level 3. HP: 19/26 MP: 3/3
  1167 | D:2      | Reached XP level 4. HP: 31/31 MP: 4/4
  1222 | D:2      | Found a shimmering altar of Xom.
  1224 | D:2      | Found a shimmering altar of Xom.
  1224 | D:2      | Found a shimmering altar of Xom.
  1225 | D:2      | Found a shimmering altar of Xom.
  1225 | D:2      | Found a shimmering altar of Xom.
  1225 | D:2      | Found a shimmering altar of Xom.
  1225 | D:2      | Found a shimmering altar of Xom.
  1559 | D:2      | Reached skill level 4 in Long Blades
  1937 | D:3      | Reached XP level 5. HP: 34/36 MP: 5/5
  2107 | D:3      | Noticed a bullfrog
  2116 | D:3      | Killed a bullfrog
  2430 | D:3      | Reached XP level 6. HP: 38/43 MP: 6/6
  2630 | D:3      | Reached skill level 5 in Long Blades
  3346 | D:4      | Noticed Menkaure
  3361 | D:4      | Killed Menkaure
  3361 | D:4      | Reached XP level 7. HP: 31/48 MP: 7/7
  4232 | D:4      | Reached skill level 6 in Long Blades
  4275 | D:5      | Entered Level 5 of the Dungeon
  5038 | D:5      | Reached XP level 8. HP: 36/54 MP: 8/8
  5218 | D:5      | Found a glowing golden altar of the Shining One.
  5218 | D:5      | Found an opulent altar of Gozag.
  5228 | D:5      | Became a worshipper of Gozag Ym Sagoz the Greedy
  5437 | D:5      | Reached skill level 5 in Fighting
  5437 | D:5      | Reached skill level 7 in Long Blades
  5701 | D:6      | Noticed Edmund
  5707 | D:6      | Killed Edmund
  6081 | D:6      | Noticed a yak
  6096 | D:6      | Killed a yak
  6096 | D:6      | Reached skill level 8 in Long Blades
  6611 | D:6      | Found a staircase to the Ecumenical Temple.
  6775 | D:6      | Reached XP level 9. HP: 62/62 MP: 9/9
  7068 | D:6      | Reached skill level 5 in Dodging
  7135 | D:7      | Found a flagged portal.
  7172 | Bailey   | Entered a bailey
  7196 | Bailey   | Noticed an orc warlord
  7199 | Bailey   | Noticed namnharef's ghost (novice HOFi)
  7234 | Bailey   | Killed namnharef's ghost
  7234 | Bailey   | Reached skill level 9 in Long Blades
  7624 | Bailey   | Found a runed gate.
  7626 | Bailey   | Found a runed gate.
  7628 | Bailey   | Found a runed gate.
  7674 | Bailey   | Reached skill level 1 in Throwing
  7994 | Bailey   | Killed an orc warlord
  7994 | Bailey   | Reached skill level 10 in Long Blades
  7994 | Bailey   | Reached XP level 10. HP: 49/71 MP: 10/10
  8018 | Bailey   | Got a wavering iron amulet
  8020 | Bailey   | Identified the amulet of Utyoj {Harm *Drain +Blink SInv} (You found it in a bailey)
  8031 | Bailey   | Got a shimmering hand crossbow
  8032 | Bailey   | Identified the +7 hand crossbow of Departure {penet, rElec Dex+4} (You found it in a bailey)
  8711 | D:7      | Found a hide-covered altar of Uskayaw.
  8860 | D:7      | Reached skill level 1 in Evocations
  9162 | D:8      | Found a staircase to the Lair.
  9375 | D:8      | Noticed Erica
  9389 | D:8      | Killed from afar by Erica

Vault maps used:
D:1:      dpeg_arrival_arbitrary_a
D:2:      xom_redecorated, first_bread, serial_forest,
          infiniplex_forest_lined_ring, infiniplex_forest_clump_diagonal,
          infiniplex_forest_clump_diagonal, infiniplex_forest_clump_long,
          infiniplex_forest_diagonal, infiniplex_forest_lined_3_way,
          minmay_lizard_pond
D:3:      serial_undead, serial_undead_a, serial_undead_d, serial_undead_a,
          serial_undead_c, minmay_misc_feat_four_crosses,
          minmay_stone_trees_small
D:4:      uniq_menkaure
D:5:      minmay_diamond_boxcup, minitemple, nrook_mini_backslash
D:6:      minmay_cornered_nines, uniq_edmund
D:7:      enter_bailey_3, basic_altar
D:8:      dpeg_oklobed_lair, blue_anna_alchemist, uniq_erica
Bailey:   bailey_axe_bossmonster_kennysheep, bailey

Skill      XL: |  1  2  3  4  5  6  7  8  9 10 |
---------------+-------------------------------+-----
Fighting       | 3 4 5 7 |  7.6
Stealth        | 3 |  3.8
Long Blades    | 4 5 6 8 10 | 10.2
Dodging        | 4 5 |  5.8
Throwing       | 3 |  3.3
Armour         | 3 |  3.8
Evocations     | 1 |  1.4

Action                   |  1- 3 |  4- 6 |  7- 9 | 10-12 || total
-------------------------+-------+-------+-------+-------++-------
Melee: Falchion          |    79 |   152 |   222 |       ||   453
       Long sword        |       |       |   170 |    54 ||   224
Throw: Stone             |    12 |    42 |   108 |       ||   162
       Tomahawk          |       |       |       |     4 ||     4
Invok: Potion Petition   |       |       |     1 |       ||     1
 Abil: Evoke Blink       |       |       |       |     1 ||     1
Evoke: Wand              |       |       |     8 |     2 ||    10
  Use: Scroll            |     3 |     7 |    10 |       ||    20
       Potion            |       |     1 |     8 |       ||     9
 Stab: Sleeping          |     6 |     5 |     9 |       ||    20
       Invisible         |       |     1 |     5 |       ||     6
  Eat: Chunk             |     1 |     6 |     4 |       ||    11
       Bread ration      |       |     1 |     2 |     1 ||     4
       Fruit             |       |       |     2 |       ||     2
       Beef jerky        |       |       |       |     1 ||     1
Armor: Robe              |     4 |    13 |    64 |       ||    81
       Scale mail        |       |       |    18 |     9 ||    27
       Skin              |       |       |     8 |       ||     8
       Plate armour      |       |       |       |    10 ||    10
Dodge: Dodged            |    49 |   123 |   310 |    30 ||   512
       Rpst.: Falchion   |    15 |    29 |    44 |       ||    88
       Long sword        |       |       |    24 |     6 ||    30
